 Dungeon Crawl Stone Soup version 0.13.1-2-gfb2c2b7 (webtiles) character file.

1915 Psiweapon the Sneak (level 8, -3/64 HPs)
             Began as a Deep Dwarf Necromancer on Dec 8, 2013.
             Was a Follower of Yredelemnul.
             Slain by Sneal's ghost (13 damage)
             ... on Level 7 of the Dungeon.
             The game lasted 00:37:47 (7414 turns).

Psiweapon the Sneak (Deep Dwarf Necromancer)        Turns: 7414, Time: 00:37:47

HP  -3/64        AC  6     Str 14      XL: 8   Next: 67%
MP  13/13        EV 14     Int 16      God: Yredelemnul [*.....]
Gold 270         SH  0     Dex 13      Spells:  3 memorised,  5 levels left

Res.Fire  : . . .   See Invis. : +   T - +0 lajatang
Res.Cold  : . . .   Warding    : .   I - +0 leather armour
Life Prot.: . . .   Conserve   : .   (no shield)
Res.Poison: .       Res.Corr.  : .   (no helmet)
Res.Elec. : .       Clarity    : +   (no cloak)
Sust.Abil.: + .     Spirit.Shd : .   J - +0 pair of gauntlets
Res.Mut.  : .       Stasis     : .   h - +0 pair of boots
Res.Rott. : .       Flight     : +   a - amulet of clarity {unknown}
Saprovore : . . .                    W - ring of see invisible
                                     t - ring of sustain abilities {unknown}

@: non-regenerating, flying, somewhat resistant to hostile enchantments, quite
stealthy
A: damage resistance, recharge devices, sense surroundings 1, slow healing 3
a: Device Recharging, Animate Remains, Renounce Religion


You were on level 7 of the Dungeon.
You worshipped Yredelemnul.
Yredelemnul was aware of your devotion.
You were very hungry.

You visited 2 branches of the dungeon, and saw 8 of its levels.

You collected 250 gold pieces.

Inventory:

Hand weapons
 k - a +0,-3 short sword
 m - a cursed -2,-2 whip
 o - a +0,+0 dagger
 q - a +1,+1 long sword
 L - the +8,+2 dagger "Stodur" {elec, rC+}
   (You found it on level 4 of the Dungeon)

   Occasionally, upon striking a foe, it will discharge some electrical energy
   and cause terrible harm.
   It protects you from cold.
 S - a +2,+2 spear of returning (quivered)
 T - a +0,+0 lajatang (weapon)
Armour
 h - a +0 pair of boots (worn)
 I - a +0 leather armour (worn)
 J - a +0 pair of gauntlets (worn)
 Y - a +0 pair of dwarven gauntlets
Magical devices
 c - a wand of heal wounds (0)
Comestibles
 d - 7 bread rations
 A - 2 meat rations
 H - 2 apples
Scrolls
 f - a scroll of blinking {unknown}
 i - a scroll of fear {unknown}
 j - 2 scrolls of curse armour {unknown}
 l - 2 scrolls of remove curse
 x - 2 scrolls of teleportation {unknown}
 y - 2 scrolls of curse weapon {unknown}
 B - 2 scrolls of noise {unknown}
 D - a scroll of enchant armour {unknown}
 F - 2 scrolls of curse jewellery {unknown}
 M - a scroll of recharging {unknown}
 N - a scroll of magic mapping {unknown}
 Q - a scroll of random uselessness {unknown}
Jewellery
 a - an amulet of clarity (around neck) {unknown}
 t - a ring of sustain abilities (left hand) {unknown}
 O - an uncursed ring of teleportation
 W - a ring of see invisible (right hand)
Potions
 e - 2 potions of flight
 g - a potion of degeneration {unknown}
 n - 2 potions of curing
 p - a potion of speed {unknown}
 s - a potion of confusion {unknown}
 u - a potion of restore abilities
 w - a potion of might {unknown}
 G - a potion of heal wounds {unknown}
 K - a potion of slowing {unknown}
 R - a potion of brilliance {unknown}
 V - a potion of invisibility {unknown}
Books
 b - a book of Necromancy

   Spells                             Type                      Level
   *Pain                              Necromancy                   1
   *Animate Skeleton                  Necromancy                   1
   Lethal Infusion                    Charms/Necromancy            2
   *Vampiric Draining                 Necromancy                   3
   Regeneration                       Charms/Necromancy            3
   Animate Dead                       Necromancy                   4
   Control Undead                     Necromancy                   4
 r - a book of Wizardry

   Spells                             Type                      Level
   Summon Elemental                   Summoning                    4
   Agony                              Necromancy                   5
   Force Lance                        Conjuration                  5
   Fireball                           Conjuration/Fire             5
   Haste                              Charms                       6
   Invisibility                       Hexes                        6
 z - a book of the Dragon

   Spells                             Type                      Level
   Flight                             Charms/Air                   3
   Cause Fear                         Hexes                        4
   Bolt of Fire                       Conjuration/Fire             6
   Dragon Form                        Transmutation                7
   Summon Dragon                      Summoning                    9
 C - a Young Poisoner's Handbook

   Spells                             Type                      Level
   Sting                              Conjuration/Poison           1
   Cure Poison                        Poison                       2
   Mephitic Cloud                     Conjuration/Poison/Air       3
   Olgreb's Toxic Radiance            Poison                       4
   Venom Bolt                         Conjuration/Poison           5
 P - a book of Dreams

   Spells                             Type                      Level
   Ensorcelled Hibernation            Hexes/Ice                    2
   Flight                             Charms/Air                   3
   Phase Shift                        Translocation                5
   Shadow Creatures                   Summoning                    5
   Mass Confusion                     Hexes                        6
   Darkness                           Hexes                        7


   Skills:
 - Level 2.0 Fighting
 - Level 2.6 Short Blades
 - Level 2.1 Long Blades
 + Level 2.7 Staves
 + Level 5.0 Armour
 - Level 6.0 Dodging
 + Level 7.4 Stealth
 + Level 1.9 Spellcasting
 - Level 5.2 Necromancy


You had 5 spell levels left.
You knew the following spells:

 Your Spells              Type           Power        Failure   Level  Hunger
a - Pain                  Necr           ###.         2%          1    #......
b - Vampiric Draining     Necr           ###.......   10%         3    ####...
c - Animate Skeleton      Necr           N/A          2%          1    #......


Dungeon Overview and Level Annotations

Branches:
Dungeon (7/27)             Temple (1/1) D:5
    Orc: D:6-11

Altars:
Cheibriados
Elyvilon
Kikubaaqudgha
Nemelex Xobeh
Okawaru
Trog
Vehumet
Yredelemnul
the Shining One

Shops:
D:6 +

Annotations:
D:6 Fv001's ghost, average DrFi
D:7 Sneal's ghost, experienced CeHu


Innate Abilities, Weirdness & Mutations

You are resistant to damage.
You can recharge devices by infusing magical energy.
You passively map a small area around you.
You do not heal naturally.


Message History

You closely miss Sneal's ghost. Sneal's ghost completely misses you.
Sneal's ghost hits you.
You closely miss Sneal's ghost. Sneal's ghost hits you!
Drink which item? (? for menu, Esc to quit)
You feel very buoyant.
You fly up into the air.
It was a potion of flight.
Sneal's ghost says, "Ah, a second chance to prove myself in battle!"
Sneal's ghost hits you but does no damage.
Sneal's ghost hits you.
* * * LOW HITPOINT WARNING * * *
Drink which item? (? for menu, Esc to quit)
You feel refreshed.
It was a potion of restore abilities.
Sneal's ghost hits you.
* * * LOW HITPOINT WARNING * * *
You barely miss Sneal's ghost. Sneal's ghost closely misses you.
You closely miss Sneal's ghost. Sneal's ghost hits you. Sneal's ghost hits you!
* * * LOW HITPOINT WARNING * * *
You barely miss Sneal's ghost. Sneal's ghost hits you!
You die...
Your body rises from the dead as a mindless zombie.

###.# , #..# #.# #######.# ..#.#
#..# #.########## , ....# * *#..#
#.#.........., ..### , #..#
#........... , ..#
..######......###### ..# #.#..
.................... ###
#.#.###########............ ,
#####.#.#.................#######
......#.#.......@p.).............
#####.#.###########.......#######
#.#.# #.###'#.# #.#.# #.# #.#.#
#.. , #####.#.###########.#
#.#.###..## ...##.#'#.z.........#
#.#..##z..#
..........#############.#..##....
..................zz....#..##...#
.####.....###############..##...#


You could see Sneal's ghost.

Vanquished Creatures
  Prince Ribbit (D:7)
  A phantom (D:4)
  An orc warrior (D:6)
  An ice beast (D:7)
  An ogre (D:5)
  A centaur (D:5)
  A giant frog (D:6)
  6 crimson imps
  A giant frog skeleton (D:5)
  2 hounds (D:7)
  2 orc priests (D:6)
  An iguana (D:4)
  A black bear skeleton (D:5)
  5 orc wizards
  2 worker ants (D:4)
  12 adders
  An inept feature mimic (D:7)
  4 worms
  An adder skeleton (D:7)
  3 giant eyeballs
  5 giant geckos
  4 oozes
  17 orcs
  13 bats
  7 giant cockroaches
  12 hobgoblins
  6 jackals
  12 kobolds
  3 quokkas
  4 ball pythons
  9 giant newts
  12 goblins
  A kobold zombie (D:7)
  An orc zombie (D:5)
  12 rats
  A rat skeleton (D:5)
167 creatures vanquished.

Vanquished Creatures (collateral kills)
  An ogre (D:5)
  A crimson imp (D:5)
  A scorpion (D:5)
  An adder (D:5)
  3 kobolds
  A goblin (D:2)
  A hobgoblin skeleton (D:4)
  A rat (D:3)
10 creatures vanquished.

Vanquished Creatures (others)
  A giant frog skeleton (D:6)
  2 ball python skeletons
  A giant gecko skeleton (D:3)
  A giant newt skeleton (D:2)
  A goblin skeleton (D:5)
  2 hobgoblin skeletons (D:7)
  2 kobold skeletons
  9 orc skeletons
  3 rat skeletons
22 creatures vanquished.

Grand Total: 199 creatures vanquished

Notes
Turn   | Place    | Note
--------------------------------------------------------------
     0 | D:1      | Psiweapon, the Deep Dwarf Necromancer, began the quest for the Orb.
     0 | D:1      | Reached XP level 1. HP: 15/15 MP: 3/3
   322 | D:1      | Reached XP level 2. HP: 19/22 MP: 1/4
   971 | D:1      | Reached XP level 3. HP: 22/28 MP: 3/5
   985 | D:1      | Learned a level 3 spell: Vampiric Draining
  1324 | D:2      | Reached skill level 1 in Fighting
  1519 | D:2      | Reached skill level 5 in Necromancy
  1680 | D:2      | Reached XP level 4. HP: 34/36 MP: 4/7
  1689 | D:2      | Learned a level 1 spell: Animate Skeleton
  2333 | D:2      | Reached XP level 5. HP: 38/43 MP: 2/8
  2574 | D:3      | Reached skill level 1 in Long Blades
  2917 | D:3      | Found a radiant altar of Vehumet.
  3548 | D:4      | Found a bloodstained altar of Trog.
  3569 | D:4      | Noticed a phantom
  3608 | D:4      | Killed a phantom
  3608 | D:4      | Reached skill level 1 in Armour
  3608 | D:4      | Reached XP level 6. HP: 29/50 MP: 9/9
  3799 | D:4      | Paralysed by a giant eyeball for 3 turns
  4001 | D:4      | Got a twisted dagger
  4002 | D:4      | Identified the dagger "Stodur" {elec, rC+} (You found it on level 4 of the Dungeon)
  4157 | D:4      | Reached skill level 1 in Short Blades
  4704 | D:5      | Entered Level 5 of the Dungeon
  4724 | D:5      | Found a staircase to the Ecumenical Temple.
  4743 | Temple   | Entered the Ecumenical Temple
  4839 | Temple   | Became a worshipper of Yredelemnul the Dark
  4962 | D:5      | Reached skill level 5 in Stealth
  5163 | D:5      | Reached XP level 7. HP: 36/56 MP: 10/10
  5295 | D:5      | Reached skill level 5 in Dodging
  5795 | D:5      | Reached skill level 6 in Stealth
  6085 | D:6      | Found Ghips' Book Emporium.
  6221 | D:6      | Reached skill level 1 in Staves
  6229 | D:6      | Reached XP level 8. HP: 40/64 MP: 4/12
  6245 | D:6      | Acquired Yredelemnul's first power
  6393 | D:6      | Noticed Fv001's ghost (average DrFi)
  6548 | D:7      | Noticed Prince Ribbit
  6713 | D:7      | Found a staircase to the Orcish Mines.
  6718 | D:7      | the staircase to the Orcish Mines was a mimic.
  6934 | D:7      | Reached skill level 7 in Stealth
  7180 | D:7      | Killed Prince Ribbit
  7180 | D:7      | Reached skill level 5 in Armour
  7390 | D:7      | Noticed Sneal's ghost (experienced CeHu)
  7414 | D:7      | Slain by Sneal's ghost

Action                   |  1- 3 |  4- 6 |  7- 9 || total
-------------------------+-------+-------+-------++-------
Melee: Unarmed           |     6 |       |       ||     6
       Short sword       |    17 |     8 |       ||    25
       Long sword        |       |   120 |       ||   120
       Dagger            |       |    48 |    50 ||    98
       Lajatang          |       |       |   112 ||   112
Throw: Spear             |     1 |       |     2 ||     3
 Cast: Pain              |    55 |    42 |    10 ||   107
       Vampiric Draining |     6 |    26 |    38 ||    70
       Animate Skeleton  |       |    22 |    23 ||    45
Evoke: Wand              |       |     1 |     4 ||     5
  Use: Scroll            |       |     3 |       ||     3
       Potion            |       |       |     3 ||     3
 Stab: Sleeping          |     1 |    10 |     3 ||    14
       Distracted        |       |     1 |     1 ||     2
